Map: Lightshade LE

Players

HeroMarine - Winner!

  • Race: Terran Terran
  • League: Grandmaster
  • Spawn Location: 11:00

AGOElazer (Elazer)

  • Race: Zerg Zerg
  • Spawn Location: 5:00

Event: DreamHack SC2 Masters 2020 Winter

VOD

Have the link to the VOD?

Description

Time

  • Played on: Nov. 7, 2020, 11:20 a.m.
  • Length: 28:49

All games in this series

Show
View Real Time Build Order
Export as new Build Order

HeroMarine Terran - Winner!

Build Orders: 2 Factory, Hellion Opening, Reaper Expand 

Get SALT Encoding   

  12  0:00  SCV  
  13  0:12  SCV  
  14  0:17  Supply Depot  
  14  0:24  SCV  
  15  0:39  SCV  
  15  0:40  Barracks  
  16  0:43  Refinery  
  16  0:51  SCV  
  17  1:03  SCV  
  18  1:15  SCV  
  19  1:27  Reaper, Orbital Command  
  20  1:38  Command Center  
  20  1:46  Supply Depot  
  20  1:53  SCV  
  21  1:59  Marine  
  22  2:05  SCV  
  23  2:08  Factory  
  23  2:17  SCV  
  23  2:20  Barracks Reactor  
  25  2:30  SCV  
  25  2:36  Command Center  
  25  2:42  SCV  
  26  2:51  Orbital Command  
  26  2:54  SCV  
  27  3:03  Factory  
  27  3:06  SCV  
  27  3:08  Hellion  
  27  3:09  Refinery  
  27  3:11  Hellion  
  32  3:16  SCV  
  32  3:18  SCV, Barracks Tech Lab  
  34  3:29  SCV, Hellion  
  34  3:30  SCV  
  34  3:32  Hellion  
  40  3:38  Starport  
  41  3:41  SCV  
  41  3:42  SCV  
  41  3:48  Orbital Command  
  42  3:53  Hellion  
  42  3:54  Hellion  
  42  3:55  SCV  
  47  3:56  SCV  
  47  4:00  Infernal Pre-Igniter  
  48  4:07  SCV, Supply Depot  
  48  4:08  SCV  
  50  4:11  Hellion  
  50  4:14  Viking  
  50  4:16  SCV  
  55  4:19  SCV  
  55  4:21  SCV  
  57  4:25  Hellion  
  57  4:27  Hellion  
  57  4:30  Supply Depot  
  57  4:31  SCV  
  62  4:33  SCV  
  62  4:35  Supply Depot  
  62  4:36  SCV  
  64  4:44  Hellion  
  64  4:45  Armory  
  66  4:46  Hellion  
  66  4:51  Hellion  
  70  4:53  Supply Depot  
  70  4:55  SCV x2, Refinery  
  70  4:56  SCV  
  70  4:57  Medivac  
  70  4:59  Barracks Tech Lab  
  75  5:01  Supply Depot  
  75  5:07  SCV x2, Orbital Command  
  75  5:12  Hellion x2  
  81  5:14  Hellion  
  81  5:19  SCV x2  
  85  5:21  Stimpack  
  85  5:29  Supply Depot x2  
  85  5:33  SCV x2, Hellion x2  
  91  5:41  SCV  
  91  5:42  Drilling Claws  
  92  5:43  Widow Mine  
  92  5:45  SCV x2  
  84  5:53  SCV  
  84  5:55  Widow Mine  
  79  5:57  SCV x2  
  79  5:58  Engineering Bay  
  79  5:59  Engineering Bay  
  79  6:00  Hellion  
  79  6:03  Medivac  
  79  6:04  Hellion  
  79  6:05  SCV  
  79  6:09  SCV x2  
  82  6:16  Widow Mine  
  82  6:17  SCV, Barracks x2  
  85  6:21  SCV  
  85  6:22  SCV, Widow Mine  
  91  6:25  Widow Mine  
  91  6:26  Terran Infantry Weapons Level 1  
  91  6:27  Marine, Terran Infantry Armor Level 1  
  91  6:31  SCV  
  93  6:32  Medivac  
  93  6:33  SCV  
  93  6:37  Widow Mine  
  98  6:43  Widow Mine  
  100  6:47  Command Center, Refinery, Barracks x2  
  100  6:49  SCV x2, Refinery  
  100  6:50  SCV  
  100  6:51  Marine  
  100  6:52  Widow Mine  
  105  6:59  Widow Mine  
  107  7:01  SCV x2  
  107  7:02  Terran Vehicle And Ship Armor Level 1  
  107  7:03  SCV  
  107  7:07  Barracks Reactor x2  
  110  7:12  Starport Reactor  
  110  7:13  SCV  
  110  7:15  SCV x2  
  113  7:22  Marine  
  110  7:23  Widow Mine x3  
  117  7:30  Hellion x5  
  117  7:34  Barracks  
  117  7:35  Barracks Reactor x2, Refinery  
  117  7:36  SCV, Barracks x2  
  117  7:40  SCV x2  
  117  7:41  Supply Depot  
  117  7:42  Supply Depot  
  117  7:43  Supply Depot  
  115  7:44  Supply Depot, Marine x3  
  115  7:45  Marine x2  
  115  7:46  Widow Mine x2  
  124  7:52  SCV  
  124  7:53  SCV  
  124  8:00  Medivac x2, Widow Mine  
  124  8:02  Marine x4  
  124  8:05  Marine  
  135  8:07  Widow Mine x2  
  135  8:11  SCV x2  
  135  8:12  SCV  
  138  8:13  Marine  
  138  8:14  Marine x3  
  140  8:20  Marine x3  
  140  8:21  Widow Mine  
  140  8:25  Barracks Tech Lab x3  
  140  8:26  Combat Shield  
  141  8:28  Marine x2, Widow Mine  
  141  8:29  Widow Mine  
  141  8:31  Marine x2  
  141  8:33  Marine x2  
  151  8:37  Marine  
  151  8:39  Medivac x2  
  151  8:41  Marine x2  
  156  8:43  Widow Mine  
  156  8:46  Marauder  
  160  8:48  Terran Infantry Weapons Level 2  
  160  8:49  Marine x3  
  160  8:50  Widow Mine  
  165  8:56  Planetary Fortress  
  165  8:58  Command Center  
  167  9:03  Marauder, Marine x4  
  167  9:04  Marauder, Marine  
  172  9:12  Supply Depot x2, Widow Mine x2  
  172  9:16  Marauder  
  178  9:20  Widow Mine  
  180  9:26  Marine x2  
  180  9:27  Marauder  
  180  9:28  Terran Infantry Armor Level 2, Sensor Tower  
  180  9:31  Supply Depot x2  
  178  9:33  Widow Mine  
  178  9:36  Hellion x3  
  170  9:40  SCV x3  
  170  9:41  SCV  
  170  9:42  Marauder, Marine  
  158  9:50  Marine x2  
  158  9:51  Marauder, Marine x2  
  158  9:52  SCV x3, Marine x2  
  162  9:59  Marauder x2  
  165  10:02  Siege Tank  
  165  10:04  Terran Vehicle Weapons Level 1, SCV  
  170  10:07  Marauder, Factory Tech Lab  
  170  10:09  Marine  
  170  10:10  Marine x2  
  170  10:11  Sensor Tower  
  171  10:14  Marauder  
  171  10:16  Marine  
  171  10:17  Marine  
  171  10:18  Medivac  
  171  10:19  Medivac  
  175  10:24  Marauder  
  177  10:29  Marauder  
  177  10:30  Marine  
  177  10:33  Widow Mine  
  177  10:34  Widow Mine  
  177  10:35  Marauder  
  182  10:36  Marine x2  
  158  10:43  Marauder  
  158  10:45  Marine x2  
  158  10:46  Marine x2  
  158  10:48  Medivac  
  158  10:49  Medivac  
  166  10:54  Widow Mine  
  166  10:56  Refinery, Factory, Widow Mine  
  165  10:58  Marauder  
  167  11:04  Planetary Fortress  
  167  11:09  Marauder, Missile Turret  
  167  11:10  Command Center  
  167  11:11  Marine  
  170  11:14  Marine x2  
  170  11:15  Marine  
  170  11:16  Siege Tank  
  170  11:17  Marauder  
  176  11:18  Medivac  
  176  11:24  Widow Mine  
  180  11:26  Marauder x2, Marine x2  
  180  11:29  Marine x3  
  180  11:31  Marauder  
  180  11:32  Marine x2  
  192  11:33  Marine  
  192  11:37  SCV x2, Missile Turret  
  192  11:38  SCV x2, Marauder  
  192  11:39  Terran Infantry Weapons Level 3  
  200  11:51  Terran Infantry Armor Level 3  
  200  12:08  Terran Vehicle And Ship Armor Level 2  
  194  12:10  Marauder  
  194  12:11  Marauder  
  194  12:12  Marine x3  
  194  12:13  Marauder  
  194  12:14  Factory Tech Lab  
  199  12:25  Command Center  
  199  12:27  Command Center  
  199  12:34  Ghost Academy  
  199  12:35  Refinery  
  199  12:36  Refinery  
  199  12:37  Fusion Core  
  199  12:39  Marine  
  199  12:41  Starport  
  199  12:43  Starport  
  193  12:48  Concussive Shells  
  187  13:02  Marauder  
  187  13:03  Marine, Siege Tank x2  
  187  13:04  Marine  
  186  13:05  Marine x2  
  186  13:06  Marauder x2, Marine x2, Siege Tank  
  186  13:07  Marine x2  
  186  13:08  Marauder  
  181  13:20  Starport Reactor  
  181  13:21  Marine x2  
  181  13:23  Marine  
  181  13:24  Marauder  
  181  13:25  Marine  
  189  13:27  Marauder x2, Command Center  
  189  13:30  Marauder, Liberator x2  
  189  13:31  Advanced Ballistics, Starport Reactor  
  199  13:41  Orbital Command x2  
  199  13:43  Planetary Fortress  
  199  13:45  Sensor Tower  
  182  13:57  Marauder x2, Liberator x2  
  182  13:58  Siege Tank x2  
  198  14:11  Command Center  
  196  14:20  Liberator  
  199  14:30  Command Center  
  194  14:33  Command Center, Liberator x2  
  200  14:38  Hi-Sec Auto Tracking, Neosteel Armor  
  200  14:40  Missile Turret  
  200  14:42  Missile Turret  
  189  14:46  Marine  
  189  14:47  Marine  
  190  14:55  Marauder  
  190  14:58  Marauder x2, Marine  
  197  15:05  Ghost  
  197  15:06  Liberator  
  198  15:13  Marine x2  
  181  15:14  Liberator x2  
  181  15:16  Ghost  
  181  15:18  Ghost, Marine  
  181  15:19  Marauder, Marine  
  181  15:20  Siege Tank x2  
  198  15:26  Orbital Command  
  198  15:27  Orbital Command  
  195  15:33  Siege Tank  
  195  15:34  Marauder  
  200  15:52  Marauder  
  200  15:53  Liberator  
  199  16:01  Marauder  
  199  16:02  Marauder  
  200  16:12  Liberator  
  200  16:23  Orbital Command  
  198  16:30  Marauder, Marine x2  
  198  16:32  Marauder  
  192  16:34  Siege Tank x2  
  198  16:53  Marauder  
  200  16:55  Rapid Reignition System, Personal Cloaking  
  200  16:57  Command Center  
  198  17:10  Marauder  
  194  17:20  Marauder  
  194  17:21  Marine x2  
  194  17:22  Medivac, Marauder x2  
  178  17:23  Medivac, Liberator x4  
  178  17:26  Terran Ship Weapons Level 1  
  187  17:52  Liberator  
  187  18:21  Enhanced Shockwaves  
Show
View Real Time Build Order
Export as new Build Order

AGOElazer Zerg 

Build Orders: Hatch First, Lurkers 

Get SALT Encoding   

  12  0:00  Drone  
  13  0:12  Overlord  
  13  0:16  Drone  
  14  0:30  Drone x2  
  16  0:46  Hatchery  
  15  0:50  Drone  
  15  0:53  Drone  
  18  0:57  Drone  
  18  1:07  Extractor  
  17  1:12  Spawning Pool  
  17  1:15  Drone  
  17  1:18  Drone  
  18  1:28  Drone  
  19  1:38  Drone  
  20  1:49  Drone  
  21  1:58  Queen  
  21  1:59  Zergling x2, Queen  
  21  2:00  Overlord  
  26  2:10  Zergling x2  
  26  2:11  Drone, Metabolic Boost  
  28  2:21  Drone x2  
  30  2:31  Drone  
  31  2:37  Hatchery  
  31  2:42  Drone  
  31  2:47  Queen  
  31  2:51  Overlord  
  33  2:54  Drone  
  33  2:56  Drone  
  33  2:58  Drone  
  36  3:04  Overlord  
  36  3:10  Queen, Drone  
  39  3:13  Drone  
  39  3:16  Drone  
  39  3:17  Drone  
  42  3:23  Queen  
  42  3:25  Drone  
  46  3:27  Drone  
  46  3:29  Drone  
  46  3:33  Overlord  
  47  3:40  Drone x4  
  51  3:44  Drone  
  52  3:49  Queen  
  52  3:53  Zergling x4  
  56  3:59  Queen  
  56  4:01  Drone x3  
  60  4:03  Overlord  
  60  4:10  Drone x3  
  60  4:14  Overlord  
  60  4:17  Drone x2  
  65  4:22  Evolution Chamber x2, Drone x2  
  65  4:24  Drone x2  
  67  4:25  Drone  
  67  4:29  Overlord  
  67  4:30  Drone x2  
  70  4:33  Drone x2, Extractor  
  70  4:35  Drone  
  72  4:40  Evolution Chamber  
  72  4:43  Zergling x8  
  76  4:46  Overlord  
  76  4:47  Baneling Nest  
  76  4:48  Extractor  
  76  4:51  Zerg Ground Armor Level 1  
  76  4:52  Overlord  
  74  4:58  Drone x5  
  79  5:00  Zerg Melee Weapons Level 1  
  79  5:09  Zergling x10  
  82  5:15  Overlord  
  82  5:18  Zergling x6, Hatchery  
  84  5:22  Zergling x4  
  86  5:30  Extractor, Baneling  
  86  5:31  Lair, Baneling x3  
  86  5:33  Overlord  
  85  5:36  Zergling x12  
  85  5:39  Baneling x3  
  91  5:49  Baneling  
  87  5:50  Baneling x2  
  78  5:57  Drone x7  
  78  5:58  Drone x5  
  87  6:09  Extractor  
  87  6:10  Drone x3  
  89  6:11  Drone  
  89  6:16  Drone x2  
  92  6:27  Zergling x12  
  92  6:30  Hatchery  
  92  6:31  Overlord  
  92  6:32  Centrifical Hooks  
  97  6:35  Burrow, Pneumatized Carapace  
  97  6:42  Baneling x2  
  97  6:43  Baneling x3  
  97  6:44  Zergling x14  
  104  6:50  Overlord  
  103  6:55  Drone x9  
  103  6:59  Zerg Ground Armor Level 2  
  112  7:08  Overlord  
  109  7:15  Spore Crawler  
  109  7:16  Drone x9  
  109  7:17  Spore Crawler  
  109  7:20  Spore Crawler  
  112  7:23  Zergling x2  
  112  7:24  Zergling x18  
  112  7:28  Spore Crawler  
  121  7:31  Drone  
  121  7:32  Drone  
  121  7:38  Zergling x6  
  124  7:45  Overseer x2  
  124  7:47  Zergling x2  
  124  7:48  Zergling x6  
  124  7:49  Baneling x10  
  128  7:54  Overlord  
  128  7:56  Zergling x8  
  128  7:58  Zerg Melee Weapons Level 2  
  132  7:59  Hydralisk Den  
  132  8:01  Infestation Pit  
  132  8:02  Extractor  
  132  8:05  Drone x9  
  127  8:13  Drone x4  
  127  8:16  Drone x2  
  127  8:19  Drone  
  134  8:22  Drone  
  134  8:26  Extractor  
  129  8:28  Extractor  
  129  8:34  Drone x14  
  129  8:40  Spore Crawler, Drone x5  
  132  8:41  Grooved Spines  
  132  8:43  Overlord  
  132  8:45  Spore Crawler  
  132  8:47  Zergling x4  
  132  8:54  Baneling x4  
  133  8:55  Zergling x8  
  133  8:59  Spore Crawler, Drone  
  133  9:01  Hive  
  135  9:05  Lurker Den, Hydralisk x4  
  142  9:10  Spore Crawler  
  142  9:11  Baneling  
  142  9:12  Baneling x6  
  128  9:22  Drone x11  
  135  9:27  Zergling x12  
  141  9:34  Hydralisk x3  
  145  9:45  Zergling x22  
  137  9:47  Zergling x4  
  135  9:52  Muscular Augments  
  135  9:53  Zergling x6  
  135  9:58  Drone x8  
  143  10:02  Zerg Missile Weapons Level 1  
  143  10:06  Drone x6  
  149  10:07  Drone  
  149  10:10  Baneling x7  
  150  10:16  Seismic Spines  
  145  10:30  Overseer, Baneling x11  
  145  10:32  Zergling x14  
  148  10:41  Zergling x32  
  138  10:43  Zergling x4  
  136  10:50  Lurker x7  
  136  10:54  Drone x3  
  146  10:57  Drone x2  
  146  11:01  Zergling x8  
  150  11:05  Adrenal Glands  
  149  11:20  Hydralisk  
  149  11:21  Overlord x3  
  149  11:23  Overlord  
  150  11:25  Zerg Ground Armor Level 3  
  150  11:35  Baneling  
  150  11:37  Extractor  
  150  11:39  Spore Crawler, Extractor  
  147  11:41  Drone  
  147  11:42  Drone x8  
  147  11:45  Drone x4  
  147  11:46  Hydralisk x6  
  172  11:47  Lurker  
  172  11:51  Baneling  
  172  11:52  Baneling x8  
  170  12:01  Zergling x8  
  155  12:09  Zergling x22  
  155  12:12  Hydralisk x4  
  163  12:19  Adaptive Talons  
  163  12:25  Viper x2  
  169  12:30  Hydralisk x2  
  169  12:32  Overlord x3  
  169  12:33  Overseer x3  
  170  12:49  Lurker x3  
  173  12:57  Zergling x28  
  181  13:04  Hydralisk  
  156  13:13  Zergling x2  
  156  13:14  Zergling x4  
  156  13:18  Hatchery  
  156  13:19  Zergling x8  
  150  13:23  Lurker x6  
  150  13:24  Baneling x8  
  150  13:25  Zergling x2, Baneling  
  157  13:33  Zergling x6  
  160  13:35  Zerg Missile Weapons Level 2  
  160  13:38  Hydralisk, Lurker x2  
  164  13:44  Hydralisk x3  
  164  13:46  Overlord  
  170  13:54  Hydralisk x3  
  170  13:59  Hydralisk x4  
  170  14:00  Hydralisk x2  
  170  14:01  Zergling x2  
  170  14:02  Zergling x8  
  187  14:15  Zergling x8  
  191  14:19  Queen  
  189  14:33  Overseer  
  189  14:41  Zergling x32  
  188  14:48  Hatchery  
  188  14:51  Zergling x2  
  188  14:52  Zergling x8  
  186  14:55  Queen  
  185  15:03  Zergling x8  
  184  15:10  Zergling x16  
  184  15:17  Hydralisk  
  184  15:18  Hydralisk x3  
  187  15:23  Hatchery  
  187  15:25  Lurker  
  187  15:42  Hydralisk x2  
  187  15:43  Hatchery, Hydralisk x2  
  187  15:44  Hatchery  
  172  16:09  Lurker x6  
  172  16:10  Zergling x24  
  185  16:16  Queen  
  183  16:29  Zergling x2  
  183  16:30  Zergling x6  
  183  16:31  Drone x5  
  166  16:36  Baneling x5  
  166  16:38  Hydralisk x4  
  171  16:41  Zerg Melee Weapons Level 3, Zerg Missile Weapons Level 3  
  171  16:47  Hatchery  
  170  16:55  Zergling x16  
  171  17:03  Zergling x4  
  161  17:11  Zergling x8  
  151  17:16  Zergling x12  
  151  17:21  Zergling x2  
Tags
 
Add a new tag
Caveats
  • Supply blocks, unpowered buildings, or Contaminate may cause inaccurate times.
  • Supply counts are checked every 10 seconds.